 Dungeon Crawl Stone Soup version 0.02-122-g12e50fee3c (webtiles) character file.

Game seed: 1317375635394131736, levelgen mode: deterministic

2 Lanoc the Dualist (level 1, -4/14 HPs) Immature Draconian Priest. Began on Oct 3, 2020. Was a Believer of Bahamut & Tiamat. Slain by a kobold ... wielding a cursed +0 whip {(Curse: Int-3)} ... led by a big kobold (7 damage) ... on level 2 of the Dungeon. The game lasted 00:00:58 (141 turns).

Lanoc the Dualist (Immature Draconian Priest)        Turns: 141, Time: 00:00:59

Health: -4/14      AC:  5    Str: 12    XL:     1 ^: 8
Magic:  3/3        EV:  9    Int: 16    God:    Bahamut & Tiamat [2* [53]]
Gold:   29         SH:  0    Dex:  8    Spells: 0/0 levels left

rFire    . . .     Vision   .     - Unarmed
rCold    . . .     Gourm    .     - Unarmed
rNeg     . . .     Faith    .   (armour unavailable)
rPois    .         Spirit   .   (helmet restricted)
rElec    .         Reflect  .   (no cloak)
rCorr    .         Harm     .   (no gloves)
MR       .....                  (no boots)
Stlth    +.........             (no amulet)
HPRegen  0.14/turn              (no ring)
MPRegen  0.13/turn              (no ring)

@: short of breath, hasted, constricted, very quick
A: no body armour, unfitting armour, cold-blooded, AC +5
a: Breathe Dart, Enhanced Breath, Renounce Religion


You were on level 2 of the Dungeon.
You worshipped Bahamut & Tiamat.
Bahamut & Tiamat was pleased with you.
You were not hungry.

You visited 1 branch of the dungeon, and saw 2 of its levels.
You also visited: Temple.

You collected 29 gold pieces.

Inventory:

Scrolls
 b - a scroll of magic mapping
 d - a scroll of enchantment
Potions
 c - a potion of cancellation
Comestibles
 a - a ration


   Skills:
 + Level 0.2 Fighting
 + Level 1.6 Dodging
 - Level 1.4 Stealth
 - Level 2.6 Unarmed Combat
 * Level 4.1 Invocations


You couldn't memorise any spells.
You didn't know any spells.
Your spell library was empty.

Dungeon Overview and Level Annotations

Branches:
Dungeon (2/8)

Altars:


Innate Abilities, Weirdness & Mutations

You cannot fit into any form of body armour.
Your plain brown scales are hard. (AC +5)
You can breathe rudimentary magical darts.
You are cold-blooded and may be slowed by cold attacks.


Message History

Bahamut & Tiamat accept your kill.
You hear a splash.
The ball python skeleton bites you but does no damage.
* * * LOW HITPOINT WARNING * * *
The ball python skeleton constricts you (1).
You barely miss the big kobold. x2
You hit the big kobold but do no damage.
The big kobold is lightly wounded. (27/29) HP You hit the big kobold (1).
The big kobold is lightly wounded. (26/29) HP You hit the kobold (1).
The kobold is moderately wounded. (3/4) HP The kobold blocks your attack.
The kobold is moderately wounded. (3/4) HP The ball python skeleton bites you but does no damage.
The ball python skeleton constricts you (0).
You barely miss the kobold. You closely miss the kobold.
The kobold hits you with a cursed +0 whip {(Curse: Int-3)} (7)!
Ouch! That really hurt!
You die...

..≈≈≈≈..<..≈#
#.≈≈≈≈.#...## .
#≈≈≈≈≈..≈...## ..
#≈≈≈≈≈.....≈.##
...#≈≈≈≈P..≈#≈...#
.....≈≈...#≈#≈...#
........≈K###≈..##
.....≈≈KPK##....≈##
..≈..w≈≈K@≈≈......##
≈..#.≈≈≈Z≈#≈.....≈.##
.....≈≈≈≈≈#≈.......≈#
#≈PP≈≈≈≈≈≈#.........#
####P######.≈..≈..≈##
#################


You could see a big kobold, a worm, 3 kobolds and a ball python skeleton.

Vanquished Creatures
  2 kobolds
  A ball python (D:2)
3 creatures vanquished.

Vanquished Creatures (others)
  10 withered plants (D:2)
10 creatures vanquished.

Grand Total: 13 creatures vanquished

Notes
Turn   | Place    | Note
-------+----------+-------------------------------------------
     0 | Start Te | Lanoc the Immature Draconian Priest began the quest for the
                  | Orb.
     0 | Start Te | Reached XP level 1. HP: 14/14 MP: 3/3
     0 | Start Te | Found a sparkling altar of Nemelex Xobeh.
     1 | Start Te | Found a basalt altar of Yredelemnul.
     1 | Start Te | Found a white marble altar of Elyvilon.
     2 | Start Te | Found an iron altar of Okawaru.
     3 | Start Te | Found a glowing silver altar of Zin.
     3 | Start Te | Found a blossoming altar of Fedhas.
     4 | Start Te | Found a stormy altar of Qazlal.
     5 | Start Te | Found a glowing golden altar of the Shining One.
     5 | Start Te | Found an opulent altar of Gozag.
     6 | Start Te | Found a sacrificial altar of Ru.
     7 | Start Te | Found an ornate altar of Bahamut and Tiamat.
     7 | Start Te | Found a hazy altar of Hepliaklqana.
    15 | Start Te | Became a worshipper of Bahamut & Tiamat
    15 | Start Te | Reached * piety under Bahamut & Tiamat
    15 | Start Te | Reached ** piety under Bahamut & Tiamat
   119 | D:2      | Noticed a big kobold
   141 | D:2      | Slain by a kobold

Levels and vault maps discovered:
D:1:      minmay_arrival_three_doors, layout_basic, minmay_misc_feat_doors
D:2:      layout_sewer, first_ration, cheibrodos_ashenzari_chains, uniq_pikel

Action                   || total
-------------------------++-------
Melee: Unarmed           ||    33
       Tailslap          ||     1
Invok: Choose Tiamat's R ||     1
       Choose Bahamut's  ||     1
 Abil: Breathe Dart      ||     1
Armor: Skin              ||     6
Dodge: Dodged            ||     9
